 Dungeon Crawl Stone Soup version 0.29-a0-565-g7a16c6de65 (webtiles) character file.

Game seed: 565449834608058448

9 Lekart the Skirmisher (level 2, 0/26 HPs)
             Began as a Draconian Chaos Knight on June 12, 2022.
             Was a Plaything of Xom.
             Slain by a bat (1 damage)
             ... on level 1 of the Dungeon.
             The game lasted 00:01:10 (166 turns).

Lekart the Skirmisher (Draconian Chaos Knight)       Turns: 166, Time: 00:01:11

Health: 0/26       AC:  4    Str: 14    XL:     2   Next: 6%
Magic:  2/2        EV: 12    Int: 12    God:    Xom [..*...]
Gold:   30         SH:  0    Dex: 10    Spells: 1/1 levels left

rFire   . . .      SeeInvis .   a - +0 falchion (chaos)
rCold   . . .      Faith    .   (no shield)
rNeg    . . .      Spirit   .   (body armour unavailable)
rPois   .          Reflect  .   (helmet restricted)
rElec   .          Harm     .   (no cloak)
rCorr   .          Rampage  .   (no gloves)
Will    .....                   (no boots)
Stlth   +.........              (no amulet)
HPRegen 0.08/turn               (no ring)
MPRegen 0.08/turn               (no ring)

@: no status effects
A: AC +4, unfitting armour, cold-blooded
a: Renounce Religion


You were on level 1 of the Dungeon.
You worshipped Xom.
You were a toy of Xom.
You visited 1 branch of the dungeon, and saw 1 of its levels.

You collected 30 gold pieces.

Inventory:

Hand Weapons
 a - a +0 falchion of chaos (weapon)
Scrolls
 c - a scroll of identify
Miscellaneous
 b - a piece from Xom's chessboard (15/15) (quivered)


   Skills:
 + Level 3.5 Fighting
 + Level 3.2 Long Blades
 + Level 2.2 Dodging


You had one spell level left.
You didn't know any spells.
Your spell library was empty.

Dungeon Overview and Level Annotations

Branches:
Dungeon (1/15)

Altars:


Innate Abilities, Weirdness & Mutations

Your plain brown scales are hard. (AC +4)
You cannot fit into any form of body armour.
You are cold-blooded and may be slowed by cold attacks.


Message History

The ball python bites you.
* * * LOW HITPOINT WARNING * * *
The ball python constricts you. The ball python barely misses you.
The ball python constricts you.
You miss the ball python.
The ball python is severely wounded.
The ball python bites you.
* * * LOW HITPOINT WARNING * * *
The ball python constricts you.
You hit the ball python. You burn the ball python.
You kill the ball python!
The bat barely misses you.
You aren't carrying any potions.
As you read the scroll labelled BOADWU ISTROYRCH, it crumbles to dust.
It is a scroll of identify.
d - a scroll of poison The frilled lizard closely misses you.
The frilled lizard attacks as you move away!
The frilled lizard closely misses you.
Okay, then.
You miss the frilled lizard.
The frilled lizard bites you but does no damage.
You hit the frilled lizard. You freeze the frilled lizard.
You kill the frilled lizard!
The hobgoblin attacks as you move away! The hobgoblin barely misses you.
The bat barely misses you. The bat closely misses you.
The hobgoblin attacks as you move away! The hobgoblin closely misses you.
The bat barely misses you.
Really read the scroll of poison?
The air fills with toxic fumes!
As you read the scroll of poison, it crumbles to dust.
The bat closely misses you. The bat barely misses you. The hobgoblin hits you.
* * * LOW HITPOINT WARNING * * *
You closely miss the hobgoblin. The bat misses you.
The bat hits you but does no damage. The hobgoblin closely misses you.
The bat barely misses you.
You barely miss the bat. The bat hits you.
You die...
Xom yawns loudly!

############ ### #..........#
##§# ###.########.###§§#
#######.#.# #§##§#.#######
.....#...§#### #§§§§#.b.....#
#.......>§§§§#####§§#.#..####.#
#.#..#...§##§§§§§§§##.#..# *
#.#..##..§§§§§§§bg##..#.## *
#.#..##..)....##@######.# ,
#.#††#..#§§§§§§§§#, *#)## *
..#.....##§§§§§§§#,*#..,* *
###..#.###§####§§#,#.#.,* *,
#..#.# .# #§§#..##., * *
###..#.###.# #§§#..*#.,,, ,*
.......)...# ##§§# #., *,**
#......#### #§# .. ,
#......#### * , * *


You could see a hobgoblin and a bat.

Vanquished Creatures
  A dart slug (D:1)
  A goblin (D:1)
  A kobold (D:1)
  A quokka (D:1)
  A ball python (D:1)
  2 frilled lizards (D:1)
  A rat (D:1)
8 creatures vanquished.

Notes
Turn   | Place    | Note
-------+----------+-------------------------------------------
     0 | D:1      | Lekart the Draconian Chaos Knight began the quest for the
                  | Orb.
     0 | D:1      | Reached XP level 1. HP: 19/19 MP: 1/1
    12 | D:1      | XOM: potion effect (invisibility)
   124 | D:1      | XOM: silly message
   135 | D:1      | XOM: smoke on damage
   137 | D:1      | XOM: divination: magic mapping
   138 | D:1      | Reached XP level 2. HP: 8/26 MP: 2/2
   147 | D:1      | HP: 1/26 [ball python (3)]
   164 | D:1      | HP: 1/26 [hobgoblin (2)]
   166 | D:1      | Slain by a bat

Illustrated notes

Levels and vault maps discovered:
D:1:      dpeg_arrival_simpleton_b, layout_loops_ring, minmay_cut_off

Action                   || total
-------------------------++-------
Melee: Falchion          ||    36
       Tailslap          ||     3
  Use: Scroll            ||     2
 Stab: Invisible         ||     1
Armor: Skin              ||    10
Dodge: Dodged            ||    30

Table legend: (Time is in decaauts)
 A = Elapsed time spent in this place.
 B = Non-inter-level travel time spent in this place.
 C = Inter-level travel time spent in this place.
 D = Time resting spent in this place.
 E = Time spent auto-exploring this place.
 F = Levels seen in this place.
 G = Mean time per level.
                   A        B        C        D        E       F      G
               +--------+--------+--------+--------+--------+-----+--------+
         Total |    171 |    171 |      0 |      0 |     93 |   1 |  171.0 |
       Dungeon |    171 |    171 |      0 |      0 |     93 |   1 |  171.0 |
               +--------+--------+--------+--------+--------+-----+--------+

Top non-repeatable levels by time:
     D:1: 171 daAuts
